 Dungeon Crawl Stone Soup version 0.26-a0-648-g87339cca5e (webtiles) character file.

Game seed: 14255659429356444362

796 DogServant the Vandal (level 7, 0/62 HPs)
             Began as a Deep Dwarf Hunter on Sept 25, 2020.
             Was a Follower of Makhleb.
             Slain by an ogre
             ... wielding a +0 giant club
              (10 damage)
             ... on level 6 of the Dungeon.
             The game lasted 00:11:02 (3535 turns).

DogServant the Vandal (Deep Dwarf Hunter)           Turns: 3535, Time: 00:11:03

Health: 0/62       AC:  5    Str: 16    XL:     7   Next: 58%
Magic:  7/7        EV: 15    Int: 11    God:    Makhleb [*.....]
Gold:   111        SH:  0    Dex: 15    Spells: 6/6 levels left

rFire    . . .     SeeInvis .   a - +1 hunting sling
rCold    . . .     Faith    .   (no shield)
rNeg     . . .     Spirit   .   c - +1 leather armour
rPois    .         Reflect  .   (no helmet)
rElec    .         Harm     .   e - +0 cloak
rCorr    .         Rampage  .   (no gloves)
MR       +....                  (no boots)
Stlth    ++........             (no amulet)
HPRegen  0.00/turn              p - +4 ring of slaying
MPRegen  0.10/turn              s - ring of wizardry

@: non-regenerating
A: damage resistance, heal wounds, sense surroundings 1, no regeneration
a: Heal Wounds, Renounce Religion


You were on level 6 of the Dungeon.
You worshipped Makhleb.
Makhleb was aware of your devotion.
You visited 1 branch of the dungeon, and saw 6 of its levels.

You collected 309 gold pieces.
You spent 198 gold pieces at shops.

Inventory:

Hand Weapons
 a - a +1 hunting sling (weapon)
 x - a +1 mace of holy wrath
 A - a +0 war axe
Missiles
 d - 31 sling bullets (quivered)
 g - 105 stones
Armour
 c - a +1 leather armour (worn)
 e - a +0 cloak (worn)
Jewellery
 p - a +4 ring of slaying (left hand)
 s - a ring of wizardry (right hand)
 D - a +6 ring of strength {unknown}
Wands
 r - a wand of polymorph (10)
Scrolls
 b - a scroll of torment {unknown}
 h - 2 scrolls of magic mapping
 j - 4 scrolls of teleportation
 k - 7 scrolls of identify {unknown}
 l - 2 scrolls of remove curse {unknown}
 u - a scroll of random uselessness {unknown}
 y - 3 scrolls of enchant weapon {unknown}
 B - 3 scrolls of immolation {unknown}
 C - a scroll of brand weapon {unknown}
Potions
 f - 2 potions of brilliance {unknown}
 i - 2 potions of stabbing {unknown}
 m - 5 potions of curing
 n - 2 potions of magic {unknown}
 o - a potion of cancellation {unknown}
 q - 2 potions of heal wounds
 t - 3 potions of might {unknown}
 w - 2 potions of berserk rage
 z - 3 potions of haste {unknown}


   Skills:
 + Level 3.1 Fighting
   Level 0.1 Short Blades
 - Level 2.9 Axes
 + Level 7.6 Slings
 - Level 5.6 Dodging
 - Level 1.2 Stealth
 + Level 0.0 Invocations


You had 6 spell levels left.
You didn't know any spells.
Your spell library was empty.

Dungeon Overview and Level Annotations

Branches:
Dungeon (6/15)             Temple (0/1) D:5

Altars:
Gozag
Makhleb
Vehumet
Yredelemnul

Shops:
D:6 !


Innate Abilities, Weirdness & Mutations

You are resistant to damage.
You can heal yourself by infusing magical energy.
You passively map a small area around you.
You do not regenerate.


Message History

Aim: an ogre, wielding a +0 giant club (chance to defeat MR: 46%)
The ogre resists with some effort.
The ogre closely misses you.
Evoke which item? (* to show all) (? for menu, Esc to quit)
Aiming: Paralyse
Press: ? - help, Shift-Dir - straight line, f/p - ogre
Aim: an ogre, wielding a +0 giant club (chance to defeat MR: 46%)
The ogre resists with some effort.
The ogre hits you with a +0 giant club.
* * * LOW HITPOINT WARNING * * *
Evoke which item? (* to show all) (? for menu, Esc to quit)
Aiming: Paralyse
Press: ? - help, Shift-Dir - straight line, f/p - ogre
Aim: an ogre, wielding a +0 giant club (chance to defeat MR: 46%)
The ogre resists with some effort.
Evoke which item? (* to show all) (? for menu, Esc to quit)
Aiming: Paralyse
Press: ? - help, Shift-Dir - straight line, f/p - ogre
Aim: an ogre, wielding a +0 giant club (chance to defeat MR: 46%)
The ogre resists with some effort.
The now-empty wand crumbles to dust.
The ogre hits you with a +0 giant club!
You die...

.###..########..., ,, #.#
<...........^..###* * #.#
#.# ##........###...# #.#
#.#
...#.####.##..∩.########.##
#.# ##.#.#
#..................# #.#
#.#.# ##.########.#####..#
#.# #<#.#
*####..............#####.#
#.#..
,,.....####.######.>......
#.###**
##....@O........#####..
#.####
#.####...####.........
#....# , #...# #..#######
#.##.# #...# #......# # #.#
# * ###.# #.####.# # #.# ,
#.# #.# #.### #.#*,, , #.#
#.# #.... #.#** * * * #.#
#.# ##### #.# #.# #.# #


You could see an ogre.

Vanquished Creatures
  2 ogres
  A centaur skeleton (D:6)
  4 hounds
  2 orc priests
  2 iguanas (D:5)
  Jessica (D:3)
  2 orc wizards
  3 worker ants
  A hound zombie (D:5)
  5 adders
  3 white imps
  2 oozes
  4 worms
  5 dart slugs
  4 leopard geckos
  11 orcs
  3 giant cockroaches
  11 goblins
  7 hobgoblins
  5 quokkas
  A ball python (D:3)
  9 bats
  7 frilled lizards
  A jackal zombie (D:5)
  10 kobolds
  A quokka zombie (D:5)
  7 rats
114 creatures vanquished.

Notes
Turn   | Place    | Note
-------+----------+-------------------------------------------
     0 | D:1      | DogServant the Deep Dwarf Hunter began the quest for the
                  | Orb.
     0 | D:1      | Reached XP level 1. HP: 19/19 MP: 1/1
    71 | D:1      | Reached XP level 2. HP: 12/26 MP: 2/2
   303 | D:1      | Reached skill level 5 in Slings
   303 | D:1      | Reached XP level 3. HP: 32/32 MP: 3/3
   849 | D:2      | Reached XP level 4. HP: 29/39 MP: 4/4
  1081 | D:3      | Found a radiant altar of Vehumet.
  1373 | D:3      | Found a burning altar of Makhleb.
  1460 | D:3      | Reached XP level 5. HP: 30/45 MP: 5/5
  1511 | D:3      | Noticed Jessica
  1524 | D:3      | Killed Jessica
  1524 | D:3      | Reached skill level 6 in Slings
  1733 | D:3      | Became a worshipper of Makhleb the Destroyer
  1964 | D:4      | Reached skill level 5 in Dodging
  1999 | D:4      | Reached XP level 6. HP: 30/52 MP: 6/6
  2314 | D:4      | Found an opulent altar of Gozag.
  2574 | D:5      | Entered Level 5 of the Dungeon
  2677 | D:5      | Reached * piety under Makhleb
  2716 | D:5      | Reached skill level 1 in Axes
  2716 | D:5      | Reached skill level 7 in Slings
  2851 | D:5      | Found a basalt altar of Yredelemnul.
  2867 | D:5      | Noticed a sky beast
  2905 | D:5      | Reached XP level 7. HP: 51/60 MP: 7/7
  2912 | D:5      | Found a staircase to the Ecumenical Temple.
  3448 | D:6      | Found Jukk's Distillery.
  3459 | D:6      | Bought a potion of berserk rage for 55 gold pieces
  3459 | D:6      | Bought a potion of heal wounds for 55 gold pieces
  3459 | D:6      | Bought a potion of curing for 33 gold pieces
  3459 | D:6      | Bought a potion of heal wounds for 55 gold pieces
  3535 | D:6      | Slain by an ogre

Illustrated notes

Levels and vault maps discovered:
D:1:      scummos_arrival_forest, layout_rooms
D:2:      layout_rooms
D:3:      layout_loops_ring, makhleb_blood_cavern_becter,
          overflow_temple_1_default, uniq_jessica
D:4:      layout_gridville, kennysheep_mini_moat
D:5:      layout_loops_ring, lemuel_crystal_altar, minmay_temple_entry_waves,
          grunt_ministairs_1
D:6:      layout_loops_ring, dancing_weapons_uskayaw,
          fedhas_altar_decomposition, serial_shops, shop_coins, uniq_eustachio

Skill      XL: |  1  2  3  4  5  6  7 |
---------------+----------------------+-----
Dodging        | 3 4 5 |  5.6
Slings         | 5 6 7 |  7.6
Fighting       | 2 3 |  3.1
Axes           | 1 2 |  2.9
Short Blades   | |  0.1
Stealth        | |  1.2

Action                   |  1- 3 |  4- 6 |  7- 9 || total
-------------------------+-------+-------+-------++-------
Melee: Short sword       |   127 |       |       ||   127
 Fire: Hunting sling     |    52 |   210 |    41 ||   303
 Abil: Heal Wounds       |     1 |     1 |       ||     2
Evoke: Wand              |       |     1 |     8 ||     9
  Use: Scroll            |       |     4 |       ||     4
       Potion            |       |     1 |       ||     1
 Stab: Sleeping          |     1 |       |       ||     1
Armor: Leather armour    |    40 |     6 |     1 ||    47
Dodge: Dodged            |    85 |    49 |     8 ||   142

Table legend: (Time is in decaauts)
 A = Elapsed time spent in this place.
 B = Non-inter-level travel time spent in this place.
 C = Inter-level travel time spent in this place.
 D = Time resting spent in this place.
 E = Time spent auto-exploring this place.
 F = Levels seen in this place.
 G = Mean time per level.
                   A        B        C        D        E       F      G
               +--------+--------+--------+--------+--------+-----+--------+
         Total |   3508 |   3342 |    166 |      0 |   2468 |   6 |  584.7 |
       Dungeon |   3508 |   3342 |    166 |      0 |   2468 |   6 |  584.7 |
               +--------+--------+--------+--------+--------+-----+--------+

Top non-repeatable levels by time:
     D:4: 800 daAuts
     D:5: 717 daAuts
     D:3: 686 daAuts
     D:1: 605 daAuts
     D:2: 469 daAuts
     D:6: 229 daAuts
